 Dungeon Crawl Stone Soup version 0.28.0-45-g0d030f2227 (console) character file.

Game seed: 12583973764218658122

149 Banquo the Chopper (level 5, -1/70 HPs)
             Began as a Hill Orc Cinder Acolyte on Apr 5, 2022.
             Was a High Priest of Ignis.
             Slain by a mummy (4 damage)
             ... in an ossuary.
             The game lasted 00:07:02 (3654 turns).

Banquo the Chopper (Hill Orc Cinder Acolyte)        Turns: 3654, Time: 00:07:03

Health: -1/70      AC: 22    Str: 19    XL:     5   Next: 31%
Magic:  6/6        EV:  2    Int: 14    God:    Ignis [*****.]
Gold:   103        SH:  0    Dex:  8    Spells: 6/6 levels left

rFire   + . .      SeeInvis .   a - -1 hand axe (flame)
rCold   . . .      Faith    .   (no shield)
rNeg    + . .      Spirit   .   (armour currently unavailable)
rPois   +          Reflect  .   (helmet currently unavailable)
rElec   .          Harm     .   (cloak currently unavailable)
rCorr   .          Rampage  .   (gloves currently unavailable)
Will    .....      NoTele   +   (boots currently unavailable)
Stlth   +.........              (no amulet)
HPRegen 0.21/turn               m - ring of positive energy
MPRegen 0.10/turn               (no ring)

@: brilliant, tree-form
A: stationary, stasis, torment immunity, boosted hp, (talons 1), agile 1,
evolution 1
a: Renounce Religion, Fiery Armour, Foxfire Swarm, Rising Flame


You were in an ossuary.
You worshipped Ignis.
Ignis was extremely pleased with you.
You were a tree.
You visited 1 branch of the dungeon, and saw 4 of its levels.
You also visited: Ossuary.

You collected 103 gold pieces.

Inventory:

Hand Weapons
 a - a -1 hand axe of flaming (weapon)
 k - a +2 short sword of electrocution
Missiles
 e - 60 stones (quivered)
Armour
 b - a +0 robe
 c - a +0 ring mail
 j - a +0 pair of gloves (melded)
 t - a +0 scale mail (melded)
Jewellery
 m - a ring of positive energy (left branch)
Wands
 l - a wand of acid (10)
 o - a wand of digging (4)
Scrolls
 d - 2 scrolls of identify {unknown}
 f - 2 scrolls of fear {unknown}
 g - a scroll of torment {unknown}
 i - a scroll of magic mapping {unknown}
 r - a scroll of immolation {unknown}
 u - a scroll of fog {unknown}
Potions
 n - a potion of mutation
 q - a potion of berserk rage {unknown}
 s - a potion of might {unknown}


   Skills:
 + Level 4.3 Fighting
 * Level 6.9 Axes
 + Level 1.5 Armour
 - Level 1.0 Spellcasting
 - Level 3.2 Fire Magic


You had 6 spell levels left.
You didn't know any spells.
Your spell library contained the following spells:

 Spells                   Type           Power      Damage    Failure   Level
 Scorch                   Fire           28%        2d6       11%         2
 Animate Skeleton         Necr           2%         N/A       26%         1
 Apportation              Tloc           2%         N/A       26%         1
 Summon Small Mammal      Summ           4%         N/A       26%         1
 Blink                    Tloc           2%         N/A       36%         2
 Ensorcelled Hibernation  Hex/Ice        2%         N/A       36%         2
 Passwall                 Tmut/Erth      0%         N/A       36%         2
 Lesser Beckoning         Tloc           1%         N/A       61%         3
 Swiftness                Air            1%         N/A       61%         3
 Manifold Assault         Tloc           1%         N/A       100%        5


Dungeon Overview and Level Annotations

Branches:
Dungeon (4/15)            Ossuary (1/1)
 Temple: D:4-7

Altars:
Dithmenos
Xom
Yredelemnul


Innate Abilities, Weirdness & Mutations

You are a tree.
Your roots penetrate the ground, keeping you stationary.
You cannot be teleported.
You are immune to unholy pain and torment.
Your maximum health is greatly increased.
Your equipment is partially melded.
((You have sharp toenails.))
You are agile. (Dex +2)
You have hidden genetic potential.


Message History

The mummy is heavily damaged.
You hit the mummy but do no damage. The mummy closely misses you.
The mummy barely misses you.
You barely miss the mummy.
The mummy is heavily damaged.
You hit the mummy but do no damage. The mummy barely misses you.
You hit the mummy. You burn the mummy.
The mummy is severely damaged.
You hit the mummy. You burn the mummy. The mummy closely misses you.
You barely miss the mummy.
The mummy is severely damaged.
You barely miss the mummy. The mummy barely misses you.
You barely miss the mummy. Your punch misses the mummy.
The mummy is severely damaged.
You barely miss the mummy. The mummy barely misses you.
You hit the mummy. You burn the mummy.
The mummy is almost destroyed.
You hit the mummy but do no damage. The mummy hits you!
* * * LOW HITPOINT WARNING * * *
You barely miss the mummy.
The mummy is almost destroyed.
You hit the mummy but do no damage. The mummy hits you.
* * * LOW HITPOINT WARNING * * *
The mummy hits you!
* * * LOW HITPOINT WARNING * * *
Unknown command.
It was a potion of mutation.
You feel extremely strange.
You feel agile.
You feel a hidden potential growing inside you.
Your toenails lengthen and sharpen.
The mummy barely misses you.
Unknown command.
It was a potion of lignification.
You turn into a tree.
Your +0 pair of gloves melds into your body.
Your +0 scale mail melds into your body.
Your roots penetrate the ground.
The mummy hits you but does no damage.
It was a potion of brilliance.
You feel clever all of a sudden. The mummy hits you.
You die...

...........
..........
..........
.......#
......#
#....#
#....#
#MM..#
#♣...#
#....#
#....#
#....#
#....#
#.∩∩.#
######


You could see 2 mummies.

Vanquished Creatures
  2 mummies (Ossuary)
  4 adders
  An adder skeleton (D:4)
  A worm (D:2)
  2 dart slugs
  5 orcs (D:4)
  6 ball pythons
  4 bats
  11 endoplasms
  5 giant cockroaches
  A goblin (D:1)
  6 hobgoblins
  2 jackals (D:1)
  3 quokkas
  2 frilled lizards
  3 gnoll zombies (Ossuary)
  A hobgoblin zombie (Ossuary)
  4 kobolds
  A kobold zombie (Ossuary)
  2 orc zombies (Ossuary)
  5 rats
  A spectral goblin (D:3)
72 creatures vanquished.

Notes
Turn   | Place    | Note
-------+----------+-------------------------------------------
     0 | D:1      | Banquo the Hill Orc Cinder Acolyte began the quest for the
                  | Orb.
     0 | D:1      | Reached XP level 1. HP: 19/19 MP: 2/2
   228 | D:1      | Reached XP level 2. HP: 7/27 MP: 3/3
   579 | D:1      | Reached skill level 5 in Axes
   841 | D:1      | Reached XP level 3. HP: 33/33 MP: 4/4
  1537 | D:2      | Found a shadowy altar of Dithmenos.
  1738 | D:2      | Reached XP level 4. HP: 35/40 MP: 5/5
  1824 | D:2      | Reached skill level 6 in Axes
  2090 | D:3      | Found a basalt altar of Yredelemnul.
  2187 | D:3      | Found a faded altar of an unknown god.
  2326 | D:3      | Found a shimmering altar of Xom.
  2338 | D:3      | Reached skill level 1 in Armour
  3252 | D:4      | Found a sand-covered staircase.
  3261 | D:4      | Reached XP level 5. HP: 42/46 MP: 6/6
  3289 | Ossuary  | Entered an ossuary
  3651 | Ossuary  | HP: 1/47 [mummy (7)]
  3652 | Ossuary  | Gained mutation: You are agile. (Dex +2) [potion of
                  | mutation]
  3652 | Ossuary  | Gained mutation: You have hidden genetic potential. [potion
                  | of mutation]
  3652 | Ossuary  | Gained mutation: You have sharp toenails. [potion of
                  | mutation]
  3654 | Ossuary  | Slain by a mummy

Illustrated notes

Levels and vault maps discovered:
D:1:      mrwooster_arrival_statue_2, layout_basic
D:2:      layout_loops_ring, basic_altar, minmay_small_reverse_x
D:3:      layout_loops_ring, lemuel_round_altar, yredelemnul_altar_generic,
          dreamdust_ecumenical_altar_drowned_temple, nrook_loot_triangle
D:4:      layout_basic, nicolae_ossuary_entry_monument
Ossuary:  ossuary_tomb_3

Skill      XL: |  1  2  3  4 |
---------------+-------------+-----
Axes           | 5 6 |  6.9
Fighting       | 4 |  4.3
Armour         | 1 |  1.5
Spellcasting   | |  1.0
Fire Magic     | |  3.2

Action                   |  1- 3 |  4- 6 || total
-------------------------+-------+-------++-------
Melee: Hand axe          |   121 |   131 ||   252
       Punch             |     2 |     2 ||     4
  Use: Potion            |       |     3 ||     3
Armor: Robe              |     6 |       ||     6
       Ring mail         |    40 |    28 ||    68
       Scale mail        |       |    17 ||    17
       Skin              |       |     1 ||     1
Dodge: Dodged            |    67 |    71 ||   138
